[Event "Late-Titled-Tuesday-Blitz-September-05-2023"]
[Site "Chess.com"]
[Date "2023.09.05"]
[Round "5"]
[White "Bauman_Guy"]
[Black "FabianoCaruana"]
[Result "1/2-1/2"]
[WhiteElo "2893"]
[BlackElo "3068"]
[TimeControl "180+1"]
[EndTime "14:57:24 PDT"]
[Termination "Game drawn by repetition"]

1. e4 e5 2. Nf3 Nc6 3. Bb5 a6 4. Ba4 Nf6 5. O-O b5 6. Bb3 Bc5 7. d3 d6 8. c3 h6 9. Nbd2 O-O 10. h3 Re8 11. Re1 Bb6 12. Nf1 Ne7 13. Ng3 Ng6 14.
d4 Bb7 15. Bc2 c5 16. d5 c4 17. a4 Qc7 18. Nh2 Rab8 19. Ng4 Nxg4 20. Qxg4 Bc8 21. Nf5 Qd8 22. axb5 axb5 23. Qf3 Nh4 24. Nxh4 Qxh4 25. Be3 Qd8 26. Bxb6 Qxb6 27. Qe3 Qxe3 28. Rxe3 Kf8 29. Ree1 Re7 30. Kf1 Rc7 31. Ke2 Ke7 32. Kd2 Rcb7 33.
Ra5 Kd8 34. Rea1 Kc7 35. Ra7 Rxa7 36. Rxa7+ Bb7 37. f3 g5 38. g3 h5 39. Ra1 h4 40.
g4 Kb6 41. Bd1 Bc8 42. Be2 Bd7 43. Kc2 Bc8 44. Kd2 Bb7 45. Kc2 Kc5 46. Ra5 Kb6 47. Ra3 Bc8 48. Ra1 Bd7 49. Ra3 Rh8 50. Ra1 Rc8 51.
Ra3 Rf8 52. Ra1 Rg8 53. Ra3 Rb8 54. Ra1 Bc8 55. Ra3 Ba6 56. Ra1 Ra8 57. Ra3 Ra7 58. Kd2 Bc8 59. Rxa7 Kxa7 60. Kc2 Kb6 61. Kd2 Kc5 62.
Kc2 b4 63. Kd2 Bd7 64. Bd1 Kb5 65. Be2 Be8 66. Kc2 Kc5 67. Kd2 Ba4 68. Bf1 Bb3 69. Be2 Ba2 70. Bd1 Kb5 71. Bc2 Ka5 72. Kc1 Kb6 73. Kd2 Kc5 74. Kc1 Bb3 75. Bxb3 cxb3 76. Kd2 Kc4 77. cxb4 Kxb4 78. Kd3 f6 79. Kd2 Kc4 80.
Ke3 Kc5 81. Kd3 Kb4 82. Kd2 Kc4 83. Ke3 Kc5 84. Kd3 Kb4 1/2-1/2

[Event "Late-Titled-Tuesday-Blitz-September-05-2023"]
[Site "Chess.com"]
[Date "2023.09.05"]
[Round "5"]
[White "Aygehovit1992"]
[Black "JacksterThePro"]
[Result "1-0"]
[WhiteElo "2706"]
[BlackElo "2434"]
[TimeControl "180+1"]
[EndTime "14:57:28 PDT"]
[Termination "Aygehovit1992 won on time"]

1. e4 c6 2. Nc3 d5 3. Nf3 Bg4 4. h3 Bxf3 5. Qxf3 Nf6 6. g3 e6 7. Bg2 Bb4 8. O-O O-O 9. b3 Nbd7 10. Bb2 Bxc3 11. Qxc3 dxe4 12. Bxe4 Qb6 13. Rae1 Qc5 14. Qxc5 Nxc5 15. Bg2 Rfd8 16. d4 Ncd7 17. f4 g6 18. g4 h5 19. f5 exf5 20. gxf5 g5 21. c4 Re8 22. Bc1 g4 23. hxg4 Nxg4 24. Bf3 Kg7 25.
d5 Nde5 26. Bb2 f6 27. Bg2 Nd3 28. Rxe8 Rxe8 29. Bd4 c5 30. Bc3 Re2 31. Bf3 Rxa2 32. d6 Ra6 33. Ra1 Rxd6 34. Rxa7 Nde5 35. Rxb7+ Kh6 36. Bd5 Kg5 37. b4 cxb4 38. Bxb4 Ra6 39.
Bd2+ Kxf5 40. Rb1 Ra2 41. Rf1+ Kg6 42. Bf4 Re2 43. c5 Nd3 44. c6 Nxf4 45. Rxf4 Re1+ 46.
Kg2 Ne3+ 47. Kf2 Nxd5 48. Kxe1 Nxf4 49. c7 Nd3+ 50. Kf1 Ne5 51. c8=Q Kg5 52. Qg8+ Kf4 53. Qh8 Ng4 54. Qxh5 Ne3+ 55. Ke2 Nf5 56. Qf3+ Ke5 57. Qa8 Nd4+ 58. Ke3 Nf5+ 59. Kd3 Nd6 60. Qb8 Ke6 61. Kd4 Nf5+ 62. Kc5 Ne7 63. Qd6+ Kf7 64. Qd7 Kf8 65.
Kd6 Ng6 66. Ke6 Nf4+ 67. Kxf6 Nh5+ 68. Kg6 Nf4+ 69. Kf5 Nh5 70. Qd6+ Kg8 71. Qg6+ Ng7+ 72.
Kf6 1-0

[Event "Late-Titled-Tuesday-Blitz-September-05-2023"]
[Site "Chess.com"]
[Date "2023.09.05"]
[Round "5"]
[White "SilverCityIndigo"]
[Black "dosto07"]
[Result "0-1"]
[WhiteElo "2307"]
[BlackElo "2508"]
[TimeControl "180+1"]
[EndTime "14:57:28 PDT"]
[Termination "dosto07 won by checkmate"]

1. d4 Nf6 2. c4 e6 3. Nc3 Bb4 4. e3 O-O 5. Bd3 c5 6. Ne2 d5 7. O-O Nc6 8. cxd5 Nxd5 9. a3 Ba5 10. Qc2 Nxc3 11. Bxh7+ Kh8 12. bxc3 g6 13. Bxg6 fxg6 14. Qxg6 Qf6 15. Qh5+ Kg8 16. Qxc5 Bb6 17. Qh5 Bd7 18.
e4 Be8 19. Qg4+ Qg6 20. Qxg6+ Bxg6 21. Ng3 Rac8 22. Be3 Na5 23. Rac1 Nc4 24. Bh6 Rf7 25. h4 Nxa3 26. h5 Bh7 27. f4 Nb5 28. Kh2 Rxc3 29.
Rxc3 Nxc3 30. Rf3 Nxe4 31. Ne2 Nf6 32. Rg3+ Kh8 33. Rg5 Bf5 34. d5 Ng4+ 35. Kg3 Nxh6 36. dxe6 Bxe6 37. Rg6 Nf5+ 38. Kf3 Bd5+ 39. Kg4 Ne7 40.
Ng3 Nxg6 41. hxg6 Rc7 42. f5 Bd4 43. Nh5 b5 44. Kg5 Be4 45. g4 b4 46. Kh6 Be3+ 47. g5 Bxf5 48. g7+ Rxg7 49. Nxg7 Bd3 50. Ne6 b3 51. Nf4 Bxf4 52. Kh5 Bxg5 53. Kxg5 b2 54.
Kf6 b1=Q 55. Ke7 a5 56. Kf6 a4 57. Ke5 a3 58. Kd4 Qc2 59. Ke3 Kg8 60. Kd4 Kh7 61.
Ke5 Kg6 62. Kf4 Kh5 63. Ke3 Qc4 64. Kd2 Be4 65. Ke3 Kg5 66. Kf2 Qd3 67. Ke1 Qc2 68. Kf1 a2 69. Kg1 Kf6 70. Kf1 Ke5 71. Ke1 Kf4 72.
Kf1 Kg3 73. Kg1 Qf2# 0-1

[Event "Late-Titled-Tuesday-Blitz-September-05-2023"]
[Site "Chess.com"]
[Date "2023.09.05"]
[Round "5"]
[White "The_Princess_Moon"]
[Black "newyorkmouse"]
[Result "0-1"]
[WhiteElo "2279"]
[BlackElo "2448"]
[TimeControl "180+1"]
[EndTime "14:57:28 PDT"]
[Termination "newyorkmouse won on time"]

1. e4 e6 2. d4 c5 3. Nf3 Nf6 4.
Nc3 cxd4 5. Nxd4 Bb4 6. Bd3 Qc7 7. O-O a6 8. Bd2 b5 9. a3 Be7 10. f4 Bb7 11. e5 Nd5 12. Ne4 Nc6 13. Nxc6 dxc6 14.
c4 Nb6 15. c5 Nd5 16. Nd6+ Bxd6 17. exd6 Qd8 18. Qh5 Nf6 19. Qh4 Nd7 20. Qg3 O-O 21.
Bc3 f6 22. Qh4 g6 23. Qg4 f5 24. Qh3 Nxc5 25. Bc2 Qxd6 26. Rad1 Qe7 27. Rfe1 a5 28. Qh6 Rad8 29. b4 Ne4 30. Be5 axb4 31. axb4 c5 32. h4 cxb4 33. h5 Rd5 34. hxg6 Rxe5 35. gxh7+ Qxh7 36. Qxh7+ Kxh7 37. fxe5 Rc8 38. Rd7+ Kg6 39. Rxb7 Rxc2 40.
Rxb5 Rc5 41. Rxb4 Rxe5 42. Rb6 Kf6 43. Kh2 Ra5 44. Rc1 Ra8 45. Rcc6 Ng5 46. Kg1 Ra1+ 47. Kh2 Ra2 48. Kg1 Ke5 49. Rc5+ Kf4 50. Rb4+ Ne4 51. Rc6 e5 52. Rc1 Kg4 0-1

[Event "Late-Titled-Tuesday-Blitz-September-05-2023"]
[Site "Chess.com"]
[Date "2023.09.05"]
[Round "5"]
[White "cassoulet"]
[Black "SalihEke"]
[Result "0-1"]
[WhiteElo "2732"]
[BlackElo "2507"]
[TimeControl "180+1"]
[EndTime "14:57:29 PDT"]
[Termination "SalihEke won by checkmate"]

1. d4 d5 2. Nf3 Nf6 3. Bf4 c5 4. e3 Nc6 5. c3 Qb6 6. Qc1 Bf5 7. Nbd2 e6 8. h3 h6 9. Be2 Be7 10. O-O O-O 11. Re1 c4 12. Bd1 Qa5 13. Bc2 Bxc2 14. Qxc2 b5 15. e4 Rfe8 16. a3 Qb6 17.
Re2 a5 18. Ne5 Nxe5 19. Bxe5 b4 20. axb4 axb4 21. Rxa8 Rxa8 22. Bxf6 Ra1+ 23. Nf1 b3 24. Qd2 Bxf6 25. exd5 exd5 26. Re8+ Kh7 27. Qf4 Qc6 28.
Re2 Qd7 29. g4 Bg5 30. Qf3 g6 31. Kg2 Kg7 32. Re5 Rb1 33. Rxd5 Qc6 34. Qe4 Rxb2 35.
Kg3 Bf6 36. Ne3 Qc7+ 37. f4 g5 38. Nf5+ Kg8 39. Rd6 gxf4+ 40. Qxf4 Bg5 41. Rg6+ fxg6 42. Qxc7 gxf5 43. gxf5 Rb1 44. Qxc4+ Kg7 45. Qc7+ Kf8 46. Qd6+ Kg8 47. Qe6+ Kg7 48. Qg6+ Kf8 49. f6 Rg1+ 50. Kf2 Be3+ 51. Kxe3 Rxg6 52. Kd2 Rxf6 53. c4 Rf3 54. d5 Rxh3 55. c5 Ke7 56. d6+ Kd7 57. Kc1 Kc6 58. Kb2 Rd3 59. d7 Kxd7 60. c6+ Kxc6 61. Ka3 Kc5 62. Kb2 Kb4 63. Ka1 Kc3 64. Kb1 Rd1# 0-1

[Event "Late-Titled-Tuesday-Blitz-September-05-2023"]
[Site "Chess.com"]
[Date "2023.09.05"]
[Round "5"]
[White "FairChess_on_YouTube"]
[Black "GP9isback23"]
[Result "1/2-1/2"]
[WhiteElo "3037"]
[BlackElo "2679"]
[TimeControl "180+1"]
[EndTime "14:57:30 PDT"]
[Termination "Game drawn by repetition"]

1. c4 e6 2. Nc3 d5 3. d4 Nf6 4. cxd5 exd5 5. Bg5 Be7 6. e3 c6 7. Bd3 O-O 8. Nge2 Nbd7 9. O-O h6 10. Bh4 Ne4 11.
Bxe7 Qxe7 12. Qc2 Ndf6 13. Rae1 Re8 14. f3 Nxc3 15. Nxc3 c5 16. dxc5 Qxc5 17. Nb5 Qxc2 18. Bxc2 Rd8 19. Kf2 Be6 20. Rc1 a6 21. Nd4 Rac8 22.
Bb3 Kf8 23. g4 Ke7 24. h4 Nd7 25. Kg3 Nc5 26. Bc2 Rc7 27. Bf5 Rdc8 28. b3 Ne4+ 29. fxe4 Rxc1 30. Rf2 dxe4 31. Bxe4 Rg1+ 32. Kh2 Rxg4 33.
Bxb7 Rc3 34. Bxa6 Rxe3 35. Nxe6 fxe6 36. Bc4 Rxh4+ 37. Kg2 Rg4+ 38. Kh2 g5 39. a4 Rf4 40. Ra2 Rxc4 41. bxc4 Rc3 42. a5 Rxc4 43. a6 Rc8 44.
a7 Ra8 45. Kg3 h5 46. Ra5 Kf6 47. Kf3 Kg6 48. Kg3 Kf6 49. Kf3 Kg6 50. Kg3 e5 51.
Ra1 Kf5 52. Rf1+ Ke6 53. Ra1 Kf6 54. Rf1+ Kg6 55. Ra1 e4 56. Ra6+ Kf5 57. Ra5+ Kf6 58. Ra6+ Ke5 59. Ra5+ Kd4 60. Kf2 h4 61. Ra4+ Ke5 62.
Ke3 Kf5 63. Ra5+ Kg4 64. Kf2 Kf4 65. Ra6 g4 66. Rf6+ Ke5 67. Rf7 Kd4 68. Rd7+ Ke5 69.
Re7+ Kf5 70. Rf7+ Ke6 71. Rh7 Kf5 72. Rf7+ Kg5 73. Rg7+ Kf4 74. Rf7+ Ke5 75. Re7+ Kd4 76. Rd7+ Ke5 77. Re7+ 1/2-1/2

[Event "Late-Titled-Tuesday-Blitz-September-05-2023"]
[Site "Chess.com"]
[Date "2023.09.05"]
[Round "5"]
[White "JackRodgers"]
[Black "Truequitos"]
[Result "1-0"]
[WhiteElo "2598"]
[BlackElo "2432"]
[TimeControl "180+1"]
[EndTime "14:57:32 PDT"]
[Termination "JackRodgers won on time"]

1. d4 Nf6 2. Bg5 e6 3. e4 Be7 4. e5 Nd5 5. Bxe7 Nxe7 6. Nf3 d6 7. Bd3 Nbc6 8. O-O dxe5 9. dxe5 Ng6 10. Re1 O-O 11. Nc3 Nf4 12. Be4 Ne7 13. Qc1 Nfd5 14. Rd1 Nxc3 15. Rxd8 Ne2+ 16. Kf1 Nxc1 17. Rxf8+ Kxf8 18. Rxc1 Bd7 19. Rd1 Ke8 20. Bxh7 g6 21. h4 Bb5+ 22.
Ke1 Kf8 23. h5 Kg7 24. hxg6 fxg6 25. Ng5 Kh6 26. Nxe6 Rc8 27. Nd4 Be8 28. Bxg6 Nxg6 29. Nf5+ Kg5 30. Ne3 Nxe5 31. Rd5 Kf6 32. f4 Ng6 33. g4 Bc6 34. Rf5+ Ke6 35. Ra5 a6 36. f5+ Kf6 37. fxg6 Kxg6 38. Ke2 Rf8 39. Rf5 Re8 40. Rf4 b6 41. c4 b5 42. Kd3 Rd8+ 43. Rd4 Re8 44. b3 Kg5 45. Nd5 Re1 46. Nxc7 Bf3 47.
Nxa6 Bxg4 48. cxb5 Rd1+ 49. Kc3 Rc1+ 50. Kb4 Bf5 51. a4 Rb1 52. Nc5 Rc1 53. b6 1-0

[Event "Late-Titled-Tuesday-Blitz-September-05-2023"]
[Site "Chess.com"]
[Date "2023.09.05"]
[Round "5"]
[White "CraiggoryC"]
[Black "Sinquefield"]
[Result "0-1"]
[WhiteElo "2238"]
[BlackElo "2468"]
[TimeControl "180+1"]
[EndTime "14:57:32 PDT"]
[Termination "Sinquefield won by checkmate"]

1. e4 e5 2. Nf3 Nc6 3. Bb5 Nf6 4. d3 Bc5 5. Bxc6 dxc6 6. Nbd2 Qe7 7. Nc4 Bd6 8. O-O Bg4 9. Ne3 O-O-O 10. Nxg4 Nxg4 11. h3 Nf6 12. Nh2 h6 13. Ng4 g5 14. Ne3 Rdg8 15.
Nf5 Qe6 16. Re1 h5 17. g3 Bc5 18. Be3 Bxe3 19. Rxe3 Ne8 20. c3 Nd6 21. Qf3 g4 22.
Nxd6+ cxd6 23. Qf5 Qxf5 24. exf5 gxh3 25. Kh2 h4 26.
Rg1 Rg5 27. g4 Rhg8 28. f3 Kd7 29. Kxh3 Rxf5 30. gxf5 Rxg1 31. Kxh4 Rg2 32. d4 f6 33. dxe5 dxe5 34. Rd3+ Ke7 35. Re3 Rxb2 36. f4 Kd6 37.
fxe5+ fxe5 38. f6 Rf2 39. Kg5 Ke6 40. c4 Rxf6 41. Ra3 a6 42. c5 Rf7 43. Rd3 Rg7+ 44.
Kh6 Rd7 45. Rg3 e4 46. Kg6 Ke5 47. Rg5+ Kf4 48. Rf5+ Kg3 49. Re5 Kf3 50. Kf6 e3 51. Ke6 Rd5 52. Rxd5 cxd5 53. Kxd5 e2 54. Kd6 e1=Q 55.
Kc7 Qb4 56. c6 bxc6 57. Kxc6 Qb5+ 58. Kc7 Qa4 59. a3 Qxa3 60. Kb7 Qb4+ 61. Ka7 a5 62.
Ka8 a4 63. Ka7 a3 64. Ka8 a2 65. Ka7 a1=Q# 0-1

[Event "Late-Titled-Tuesday-Blitz-September-05-2023"]
[Site "Chess.com"]
[Date "2023.09.05"]
[Round "5"]
[White "canary2016"]
[Black "buenamor1972"]
[Result "0-1"]
[WhiteElo "2029"]
[BlackElo "2338"]
[TimeControl "180+1"]
[EndTime "14:57:34 PDT"]
[Termination "buenamor1972 won by checkmate"]

1. e4 e5 2. Nf3 Nc6 3. d4 exd4 4.
Bc4 Nf6 5. e5 d5 6. Bb5 Ne4 7.
O-O Bc5 8. Bxc6+ bxc6 9. Nxd4 Ba6 10. Re1 Qh4 11. Be3 O-O 12. Nd2 Rfe8 13. Nxe4 dxe4 14. Nxc6 Bxe3 15. Rxe3 Bb7 16. Na5 Rad8 17. Qe2 Ba8 18. Rh3 Qg5 19. Rh5 Qg6 20. Nc4 Rd4 21. Rh3 Red8 22.
Rg3 Qe6 23. Ne3 Qxe5 24. Qg4 h5 25. Qh4 R8d6 26. h3 Bc6 27. Rg5 Qf6 28. Qxh5 Rd2 29. Nf5 Rd1+ 30. Rxd1 Rxd1+ 31. Kh2 g6 32. Nh6+ Kg7 33.
Nf5+ Kg8 34. Rg3 Rd5 35. Nh6+ Kg7 36. Nf5+ Rxf5 37. Qd1 Rd5 38. Qe2 Qe5 39. Qe3 Rd6 40.
c3 a6 41. Qa7 Rf6 42. Qxa6 e3 43. Qe2 Rxf2 44. Qxe3 Qxe3 45. Rxe3 Rxg2+ 46. Kh1 Re2+ 47. Kg1 Rxe3 48. Kf2 Re4 49. Kf1 Re8 50. Kf2 Kf6 51.
Kf1 Kf5 52. Kf2 Kf4 53. Kf1 Re3 54. Kg1 Rxh3 55. b4 Rd3 56. a4 Rxc3 57. a5 Bb5 58. a6 Bxa6 59. Kf2 Bb5 60. Kg1 Rc2 61. Kh1 Kg3 62. Kg1 Rc1# 0-1

[Event "Late-Titled-Tuesday-Blitz-September-05-2023"]
[Site "Chess.com"]
[Date "2023.09.05"]
[Round "5"]
[White "NelsonLinda"]
[Black "artin10862"]
[Result "0-1"]
[WhiteElo "2482"]
[BlackElo "2923"]
[TimeControl "180+1"]
[EndTime "14:57:35 PDT"]
[Termination "artin10862 won by checkmate"]

1. e4 c5 2. d4 cxd4 3. Qxd4 Nc6 4. Qd3 e6 5. Nc3 a6 6. Bf4 b5 7.
O-O-O Bb7 8. Kb1 Rc8 9. Nf3 Nf6 10. Nd4 b4 11. Ncb5 axb5 12. Nxb5 d5 13. exd5 Nxd5 14. Qg3 Qf6 15. Bg5 Qe5 16. f4 Qe3 17. Qh4 Be7 18.
Bxe7 Ncxe7 19. Nd6+ Kd7 20. Nxb7 Qb6 21. f5 Nxf5 22. Qg4 g6 23. Bc4 Rxc4 24. Qxc4 Qxb7 25. Rhe1 Ne7 26. Rf1 Rc8 27. Qb3 Ke8 28. Qh3 Nc3+ 29. Ka1 Nxd1 30. Rxd1 h5 31. g4 Qc7 32. gxh5 Qxc2 33. Rb1 Rd8 34. hxg6 Nxg6 35. Qf3 Qc4 36. a3 Qd5 37. Qe3 bxa3 38. bxa3 Qd4+ 39. Qxd4 Rxd4 40.
Rb8+ Ke7 41. Rb7+ Kf6 42. a4 Rxa4+ 43. Kb2 Rh4 44. Rb3 Rxh2+ 45. Ka3 Rh5 46. Rb8 Rf5 47.
Kb2 e5 48. Ra8 e4 49. Ra6+ Kg5 50. Kc2 e3 51. Kd3 Re5 52. Ra4 Nf4+ 53. Kc2 e2 54. Ra8 e1=Q 55. Rg8+ Kf5 56. Rc8 Re2+ 57. Kb3 Qb1+ 58.
Kc4 Rc2+ 59. Kd4 Qd1+ 60. Ke3 Qd3# 0-1

[Event "Late-Titled-Tuesday-Blitz-September-05-2023"]
[Site "Chess.com"]
[Date "2023.09.05"]
[Round "5"]
[White "frederiksvane"]
[Black "Sibelephant"]
[Result "1-0"]
[WhiteElo "2940"]
[BlackElo "3098"]
[TimeControl "180+1"]
[EndTime "14:57:36 PDT"]
[Termination "frederiksvane won by resignation"]

1. e4 e5 2. Nf3 Nc6 3. Bb5 Nf6 4. O-O Nxe4 5. d4 Nd6 6. Bxc6 dxc6 7. dxe5 Nf5 8.
Qxd8+ Kxd8 9. Nc3 Bd7 10. h3 h6 11. b3 Kc8 12. Ne2 c5 13. Bb2 Bc6 14. Rad1 b6 15.
Nf4 a5 16. a4 Kb7 17. c4 Bxf3 18. gxf3 Be7 19. Rd5 Nh4 20. Rd3 Rad8 21. Rfd1 Nxf3+ 22. Kf1 Nh4 23. Ke2 Rhe8 24. Nd5 Bf8 25. f4 Nf5 26.
Ne3 Rxd3 27. Rxd3 Nd4+ 28. Bxd4 cxd4 29. Rxd4 g5 30. Kf3 gxf4 31. Kxf4 Bc5 32. Re4 Rg8 33. Ng4 Rg5 34. h4 Rh5 35. Kg3 Be7 36. Nf6 Rf5 37.
Kg4 Rf1 38. Nd5 Bd8 39. Rf4 Rg1+ 40. Kh5 Rb1 41. Kxh6 Rxb3 42. h5 Rh3 43. Rxf7 Kc6 44. e6 Kd6 45. Rd7+ Kxe6 46. Rxd8 Rh4 47. Nxc7+ Ke7 48. Rd3 Rxc4 49. Nd5+ Ke6 50. Nxb6 Rb4 51. Nd7 Kf7 52. Nc5 Rc4 53. Rd7+ Kf6 54. Rc7 Kf5 55.
Kg7 Rg4+ 56. Kf7 Kg5 57. Ra7 Kxh5 58. Rxa5 Kh4 59. Rb5 Rf4+ 60. Ke6 1-0

[Event "Late-Titled-Tuesday-Blitz-September-05-2023"]
[Site "Chess.com"]
[Date "2023.09.05"]
[Round "5"]
[White "ContrVersia"]
[Black "willyam13"]
[Result "1-0"]
[WhiteElo "2886"]
[BlackElo "2475"]
[TimeControl "180+1"]
[EndTime "14:57:36 PDT"]
[Termination "ContrVersia won by resignation"]

1. Nf3 Nf6 2. c4 e6 3. g3 b6 4. Bg2 Bb7 5. O-O d5 6. cxd5 exd5 7. d4 Bd6 8. Nc3 O-O 9. Qb3 h6 10. Ne5 c6 11. Bf4 Qe7 12. Rfe1 Nbd7 13. e4 dxe4 14.
Nxe4 Nxe4 15. Rxe4 Nxe5 16. Bxe5 c5 17. Rg4 Bxe5 18. Bxb7 Qxb7 19. dxe5 Rfe8 20. Re1 Re6 21. Rge4 Rd8 22. f4 Qd5 23. Qf3 Re7 24. b3 a5 25. Qg4 Rde8 26. Qe2 Rd8 27. f5 Qd2 28. Qg4 Qg5 29. Qxg5 hxg5 30. R4e2 Rd5 31. g4 Rd4 32. h3 Rd3 33. Kg2 Rd5 34. Kf2 Kf8 35.
Re3 Ke8 36. R1e2 Rd4 37. e6 Kf8 38. Kg3 Rd5 39. exf7 Rxe3+ 40. Rxe3 Kxf7 41. Re6 b5 42. Kf3 Rd3+ 43. Re3 Rd2 44. Re5 Rd3+ 45. Ke4 Rc3 46. Rd5 c4 47. Rxb5 cxb3 48. Rxb3 Rc4+ 49.
Kd5 Ra4 50. a3 Kf6 51. Rb6+ Kf7 52. Rb7+ Kf6 53. Rb6+ Kf7 54. Rb3 Kf6 55. Kc5 Kf7 56. Kb5 Re4 57. Kxa5 Re5+ 58. Kb6 Re4 59. Kb5 Kf6 60.
a4 Ke5 61. a5 Kf4 62. Rb4 Rxb4+ 63. Kxb4 1-0

[Event "Late-Titled-Tuesday-Blitz-September-05-2023"]
[Site "Chess.com"]
[Date "2023.09.05"]
[Round "5"]
[White "eljanov"]
[Black "Mesa_1"]
[Result "1-0"]
[WhiteElo "2881"]
[BlackElo "2607"]
[TimeControl "180+1"]
[EndTime "14:57:37 PDT"]
[Termination "eljanov won by checkmate"]

1. d4 Nf6 2. c4 g6 3. Nc3 Bg7 4. e4 d6 5. Be2 O-O 6. Be3 Na6 7. Nf3 e5 8. O-O Qe7 9. dxe5 dxe5 10. Nd5 Qd8 11. Qc2 Ng4 12. Bg5 f6 13. Bd2 c6 14.
Nc3 f5 15. h3 Nf6 16. Nxe5 Nxe4 17. Nxe4 Bxe5 18. Bc3 Bxc3 19. Nxc3 Qf6 20. a3 Be6 21. b4 Nc7 22. Rfe1 Rad8 23. Bf1 Bf7 24. Rad1 Ne6 25. c5 Nd4 26. Qc1 Rd7 27. Ne2 Rfd8 28. Nxd4 Rxd4 29.
Rxd4 Rxd4 30. Qe3 Re4 31. Qd2 Rxe1 32. Qxe1 Kg7 33. g3 f4 34. g4 g5 35. Bg2 h6 36.
Bf3 Bg6 37. Kg2 Kf7 38. a4 Qd4 39. h4 Kf6 40. h5 Bf7 41. Qb1 Kg7 42. b5 Qxc5 43.
Qb2+ Kg8 44. bxc6 bxc6 45. Qf6 Bd5 46. Qg6+ Kf8 47. Qxh6+ Ke8 48. Qg6+ Kd7 49. Qf5+ Kd6 50. Bxd5 cxd5 51. h6 Qd4 52. h7 Kc5 53. Qc8+ Kb4 54.
h8=Q Qe4+ 55. Kh2 Qf3 56. Qb7+ Kc4 57. Qhc8+ Kd4 58. Qb2+ Ke4 59. Qf5# 1-0

[Event "Late-Titled-Tuesday-Blitz-September-05-2023"]
[Site "Chess.com"]
[Date "2023.09.05"]
[Round "5"]
[White "RIPOL"]
[Black "WPWPWP-2015"]
[Result "0-1"]
[WhiteElo "2412"]
[BlackElo "2549"]
[TimeControl "180+1"]
[EndTime "14:57:38 PDT"]
[Termination "WPWPWP-2015 won by resignation"]

1. d4 d5 2. c4 dxc4 3. e3 Nf6 4. Bxc4 e6 5. Qe2 c5 6. Nf3 cxd4 7. exd4 Be7 8. O-O O-O 9. Nc3 a6 10. Rd1 b5 11. Bb3 Bb7 12. Bg5 Nbd7 13. Ne5 b4 14. Na4 Nd5 15. Bxe7 Qxe7 16. Bxd5 Bxd5 17. Nxd7 Qxd7 18.
Nb6 Qb7 19. Nxa8 Bxg2 20. Rd3 Bd5 21. Rg3 Qxa8 22. Rc1 g6 23. Rc5 h5 24. Qe3 Kh7 25.
Qg5 Qd8 26. Qxd8 Rxd8 27. Ra5 Rd6 28. f4 Kg7 29. Kf2 Kf6 30. Ke3 Bc4 31. Rg1 Bb5 32. a3 b3 33. a4 Bc4 34. Rc1 Bd5 35. Rcc5 Kf5 36. h3 g5 37. fxg5 Kxg5 38. Rc7 Kh4 39.
Rxf7 Kxh3 40. Rc5 Rd8 41. Rh7 h4 42. Rc3 Rg8 43. Kf4+ Kg2 44. Rxh4 Rf8+ 45. Ke5 Rf2 46. Rh6 Rxb2 47. Rxe6 Bxe6 48. Kxe6 Re2+ 49. Kd6 b2 50. Rb3 Kf2 51. d5 Rd2 52. Kc7 Ke2 53. d6 Kd1 54. d7 Kc2 55. Rxb2+ Kxb2 56. d8=Q Rxd8 57. Kxd8 Kb3 58.
Kc7 Kxa4 59. Kb6 a5 60. Kc5 Kb3 61. Kd4 a4 0-1

[Event "Late-Titled-Tuesday-Blitz-September-05-2023"]
[Site "Chess.com"]
[Date "2023.09.05"]
[Round "5"]
[White "IM_Tissir"]
[Black "KNVB"]
[Result "1-0"]
[WhiteElo "2486"]
[BlackElo "2708"]
[TimeControl "180+1"]
[EndTime "14:57:41 PDT"]
[Termination "IM_Tissir won by checkmate"]

1. e4 e6 2. d4 d5 3. Nd2 h6 4. Ngf3 Nf6 5. e5 Nfd7 6. c3 c5 7. Bd3 Nc6 8. O-O g5 9. dxc5 Bxc5 10.
Nb3 Bf8 11. Nbd4 g4 12. Nd2 Ndxe5 13. Bb5 Bd7 14. Re1 Nxd4 15. Bxd7+ Nxd7 16. cxd4 h5 17. Qb3 Nb6 18. a4 Qd7 19. a5 Nc8 20. a6 Rb8 21.
Nf1 Bg7 22. Bf4 Nd6 23. Qxd5 Rd8 24. Qxd6 Qxd6 25. Bxd6 Rxd6 26. axb7 Rb6 27. Rxa7 O-O 28. Rc1 Bxd4 29. Rc8 Rxb2 30. Rxf8+ Kg7 31. Rxf7+ Kg6 32. b8=Q Rxb8 33. Rab7 Ra8 34. h3 Ra1 35. hxg4 hxg4 36. g3 e5 37. Kg2 Ra2 38. Nh2 e4 39. Nxg4 e3 40. Rfe7 exf2 41. Rf7 f1=Q+ 42. Kxf1 Ra1+ 43. Kg2 Rg1+ 44. Kh3 Rh1+ 45. Kg2 Rg1+ 46. Kh2 Rd1 47. Nf2 Rd2 48. Kg2 Ra2 49. Rf3 Kg5 50. Rd7 Bb6 51.
Rd5+ Kg6 52. Rd6+ Kg5 53. Rxb6 Ra5 54. Rc3 Rf5 55. Rcb3 Kh5 56. g4+ Kh4 57. Rh3+ Kg5 58. Rh5+ Kf4 59. Rxf5+ Ke3 60. Re6+ Kd4 61. Rf7 Kc5 62.
Re8 Kb6 63. Rf5 Kc6 64. Re6+ Kd7 65. Rg6 Ke7 66. Rh5 Kf7 67. Ra6 Kg7 68. Rb5 Kf7 69. Rb7+ Ke8 70. Ra8# 1-0

[Event "Late-Titled-Tuesday-Blitz-September-05-2023"]
[Site "Chess.com"]
[Date "2023.09.05"]
[Round "5"]
[White "DeTimmerman"]
[Black "Bigfish1995"]
[Result "0-1"]
[WhiteElo "2672"]
[BlackElo "3071"]
[TimeControl "180+1"]
[EndTime "14:57:45 PDT"]
[Termination "Bigfish1995 won by checkmate"]

1. b4 a6 2. Bb2 Nc6 3. a3 e5 4. e3 Nf6 5. c4 d5 6. cxd5 Nxd5 7. Nf3 f6 8. Bc4 Be6 9. Qc2 Qd7 10. O-O Be7 11. d4 exd4 12. Nxd4 Nxd4 13. Bxd4 O-O 14.
Nd2 c6 15. Bd3 f5 16. Nf3 a5 17. Ne5 Qe8 18. bxa5 Rxa5 19. Rfb1 c5 20. Bc3 Ra7 21. Bb5 Qc8 22. Bb2 Bf6 23. Rc1 b6 24. a4 Nb4 25.
Qe2 Re7 26. f4 Qc7 27. Rd1 Kh8 28. Rac1 Bb3 29. Rd7 Qc8 30. Rxe7 Bxe7 31. Nc4 Qe6 32. Be5 Bf6 33. Bxf6 gxf6 34. Nd2 Bd5 35. Bc4 Re8 36. Bxd5 Nxd5 37. Qd3 Qxe3+ 38. Qxe3 Rxe3 39. Nc4 Re4 40. g3 Kg7 41. Nd6 Rxa4 42. Nxf5+ Kg6 43. Nd6 Rd4 44. Rb1 Nb4 45. Nc8 b5 46. Na7 Rd2 47. Nxb5 Kf5 48.
Rc1 Nd3 49. Rc3 Kg4 50. Nd6 Kf3 51. h4 Rd1+ 52. Kh2 h5 53. Nf5 Ke4 54. Nd6+ Kd4 55. Nb5+ Ke3 56. Rc2 Ne1 57. Rc3+ Ke4 58. Ra3 Nf3+ 59.
Kg2 Rd2+ 60. Kh3 Rh2# 0-1

[Event "Late-Titled-Tuesday-Blitz-September-05-2023"]
[Site "Chess.com"]
[Date "2023.09.05"]
[Round "5"]
[White "Andreikka"]
[Black "Durarbayli"]
[Result "0-1"]
[WhiteElo "3008"]
[BlackElo "2888"]
[TimeControl "180+1"]
[EndTime "14:57:46 PDT"]
[Termination "Durarbayli won on time"]

1. Nf3 c5 2. e4 d6 3. Bb5+ Nd7 4.
O-O Nf6 5. Re1 a6 6. Bf1 e6 7. c3 b6 8. d4 Be7 9. d5 e5 10. a4 Nf8 11. h3 Ng6 12. b4 O-O 13. Nbd2 Bd7 14. bxc5 bxc5 15. Nc4 Qc7 16. Qc2 Rfb8 17. Be3 h6 18. a5 Bd8 19. Nb6 Ra7 20. Reb1 Be8 21. Nd2 Nh7 22. Rb2 Bg5 23. Bxg5 Nxg5 24.
Rab1 Nf4 25. h4 Nh7 26. g3 Ng6 27. Bc4 Qd8 28. Qd3 Bd7 29. Bxa6 Bg4 30. Ra2 Nxh4 31. gxh4 Qxh4 32. Bc4 Ng5 33. Qg3 Nh3+ 34. Kf1 Qh5 35. Qh2 Qg6 36. Be2 Bxe2+ 37. Kxe2 Nf4+ 38. Kf1 f5 39. f3 fxe4 40. Nxe4 Rf8 41. Qg3 Qh5 42. Rh2 Qf5 43. Re1 Rxa5 44. Rxh6 Ra2 45. Rh2 Rxh2 46.
Qxh2 Nd3 47. Re3 Nf4 48. Nc4 Ra8 49. Re1 Nd3 50. Re3 Ra1+ 51. Ke2 Ra2+ 52. Ncd2 Nf4+ 53.
Kf2 Ra1 54. Ng3 Qc2 55. Nf1 Qd1 56. Qh4 Ra2 57. Qd8+ Kh7 58. Qh4+ Kg8 59. Qd8+ Kh7 60.
Qh4+ Kg6 61. Qg4+ Kf7 62. Qd7+ Kg8 63. Qe8+ Kh7 64. Re1 Rxd2+ 65. Nxd2 Qxd2+ 0-1

[Event "Late-Titled-Tuesday-Blitz-September-05-2023"]
[Site "Chess.com"]
[Date "2023.09.05"]
[Round "5"]
[White "only_strong_moves"]
[Black "zeitnot2006"]
[Result "0-1"]
[WhiteElo "2534"]
[BlackElo "2765"]
[TimeControl "180+1"]
[EndTime "14:57:47 PDT"]
[Termination "zeitnot2006 won on time"]

1. d4 Nf6 2. Nc3 d5 3. Bf4 c5 4. e3 cxd4 5. exd4 a6 6. Be2 Nc6 7. Nf3 Bg4 8. Ne5 Bxe2 9. Nxe2 e6 10. O-O Bd6 11. Nxc6 bxc6 12. c3 O-O 13. Qd3 c5 14.
Bxd6 Qxd6 15. dxc5 Qxc5 16. Qd4 Qb5 17. Qd2 Rab8 18.
b4 Rfc8 19. f3 Nd7 20. a4 Qc4 21. Rfd1 Ne5 22. Qe3 Qc7 23. Qd4 h6 24. Rac1 Nc4 25. Kh1 Nb2 26. Rf1 Nxa4 27. f4 Qc4 28. Qe3 Qe4 29.
Qxe4 dxe4 30. f5 e5 31. Kg1 Rc4 32. f6 Rbc8 33. fxg7 Kxg7 34. Rf5 f6 35. Rcf1 R8c6 36. Ng3 Nxc3 37. Nh5+ Kg6 38. Nxf6 Ne2+ 39. Kh1 Nf4 40. Rxe5 Rxf6 41. Ra5 e3 42. g3 e2 43. Re1 Nd3 44.
Rxe2 Nxb4 45. h4 h5 46. Ree5 Rf2 47. Rg5+ Kf6 48. Kg1 Rb2 49. Raf5+ Ke6 50. Re5+ Kd6 51. Re1 Rcc2 52. Rd1+ Kc6 53. Rxh5 Rg2+ 54. Kf1 Rgf2+ 55. Kg1 Rg2+ 56. Kh1 Rh2+ 57. Kg1 Rbg2+ 58. Kf1 Rxg3 59. Rh6+ Kb5 0-1